 Seeded DCSS version 0.27-a0-1232-gc6a4cbde82 (webtiles) character file.

Game seed: 49 (custom seed)

8 Snicker the Sneak (level 2, 22/22 HPs)
             Began as a Demonspawn Brigand on June 8, 2021.
             Got out of the dungeon alive.
             The game lasted 00:00:32 (181 turns).

Snicker the Sneak (Demonspawn Brigand)               Turns: 181, Time: 00:00:32

Health: 22/22      AC:  3    Str: 11    XL:     2   Next: 0%
Magic:  2/2        EV: 11    Int: 12    God:
Gold:   9          SH:  4    Dex: 14    Spells: 1/1 levels left

rFire    . . .     SeeInvis .   a - +0 dagger (drain)
rCold    . . .     Faith    .   (no shield)
rNeg     . . .     Spirit   .   b - +0 robe
rPois    .         Reflect  .   (no helmet)
rElec    .         Harm     .   c - +0 cloak
rCorr    .         Rampage  .   (no gloves)
Will     .....                  (no boots)
Stlth    +++.......             (no amulet)
HPRegen  0.07/turn              (no ring)
MPRegen  0.08/turn              (no ring)

@: no status effects
A: large bone plates 1
a: no special abilities


You escaped.
You visited 1 branch of the dungeon, and saw 1 of its levels.

You collected 9 gold pieces.

Inventory:

Hand Weapons
 a - a +0 dagger of draining (weapon)
 f - a +2 dagger
Missiles
 d - 8 poisoned darts (quivered)
 e - 2 curare-tipped darts
Armour
 b - a +0 robe (worn)
 c - a +0 cloak (worn)
Scrolls
 g - a scroll of acquirement


   Skills:
 + Level 2.0 Fighting
 * Level 1.7 Short Blades
 + Level 1.9 Throwing
 + Level 0.8 Dodging
 * Level 4.0 Stealth


You had one spell level left.
You didn't know any spells.
Your spell library was empty.

Dungeon Overview and Level Annotations

Branches:
Dungeon (1/15)

Altars:


Innate Abilities, Weirdness & Mutations

You are partially covered in large bone plates. (SH +4)


Message History

You kill the kobold!
Things that are here:
a +0 short sword; a kobold corpse A kobold comes into view.
It is wielding a +0 dagger.
Found 9 gold pieces.
The kobold shouts!
You see here 9 gold pieces.
You closely miss the kobold. The kobold hits you with a +0 dagger.
You hit the kobold. You drain the kobold.
The kobold is severely wounded.
A rat comes into view.
The kobold hits you with a +0 dagger.
You hit the kobold.
You kill the kobold!
Your Stealth skill increases to level 4!
You hit the rat but do no damage. You drain the rat.
The rat is severely wounded.
The rat bites you.
You hit the rat.
You kill the rat!
You have reached level 2!
Your demonic ancestry asserts itself...
Large bone plates grow over parts of your arms.
Unknown command.
Found a scroll labelled ISILAWN AVO ANE.
Things that are here:
a +0 dagger; a kobold corpse You now have 9 gold pieces.
This is a scroll of acquirement!
Unknown command.
Unknown command.
Things that are here:
a +0 short sword; a kobold corpse
Found 10 gold pieces.
You enter the shallow water.
Moving in this stuff is going to be slow.
There is an open door here.
There is a staircase leading out of the dungeon here.
Are you sure you want to leave the Dungeon?
This will make you lose the game!
You have escaped!

#.# #..### #.♣..
#♣≈≈≈♣ #P≈≈≈♣
###♣≈≈### #.##≈##.#
#..'≈'..# # #@##≈##.#
$.# ###♣≈♣### #..# #
♣≈≈≈♣ ... .. #♣≈≈≈♣#
#.##.#.# #..##...#.#
.. #.#.#
#.........#########.
.# #.#.###
##.###....#..........
.###.#...
.........###.........
.##....#
#......#####.#######


There were no monsters in sight!

Vanquished Creatures
  A bat (D:1)
  A goblin (D:1)
  2 kobolds (D:1)
  A quokka (D:1)
  2 rats (D:1)
7 creatures vanquished.

Notes
Turn   | Place    | Note
-------+----------+-------------------------------------------
     0 | D:1      | Snicker the Demonspawn Brigand began the quest for the Orb.
     0 | D:1      | Reached XP level 1. HP: 16/16 MP: 1/1
   132 | D:1      | Reached skill level 4 in Stealth
   134 | D:1      | Gained mutation: You are partially covered in large bone
                  | plates. (SH +4) [demonic ancestry]
   134 | D:1      | Reached XP level 2. HP: 19/22 MP: 2/2
   137 | D:1      | Identified a scroll of acquirement
   181 | D:$      | Got out of the dungeon alive.

Illustrated notes

Levels and vault maps discovered:
D:1:      sevenhm_arrival_forest_fort_small_4, layout_loops_ring

Skill      XL: |  1 |
---------------+----+-----
Stealth        | 4 |  4.0
Fighting       | |  2.0
Short Blades   | |  1.7
Throwing       | |  1.9
Dodging        | |  0.8

Action                   || total
-------------------------++-------
Melee: Dagger            ||    12
 Stab: Sleeping          ||     2
Armor: Robe              ||     1
Dodge: Dodged            ||     2

Table legend: (Time is in decaauts)
 A = Elapsed time spent in this place.
 B = Non-inter-level travel time spent in this place.
 C = Inter-level travel time spent in this place.
 D = Time resting spent in this place.
 E = Time spent auto-exploring this place.
 F = Levels seen in this place.
 G = Mean time per level.
                   A        B        C        D        E       F      G
               +--------+--------+--------+--------+--------+-----+--------+
         Total |    188 |    143 |     45 |      0 |    102 |   1 |  188.0 |
       Dungeon |    188 |    143 |     45 |      0 |    102 |   1 |  188.0 |
               +--------+--------+--------+--------+--------+-----+--------+

Top non-repeatable levels by time:
     D:1: 188 daAuts
